 Dungeon Crawl Stone Soup version 0.19-a0-1025-g778f431 (webtiles) character file.

91 mrath the Magician (level 4, -2/27 HPs)
             Began as a High Elf Wizard on July 28, 2016.
             Was an Initiate of Sif Muna.
             Slain by a worker ant (4 damage)
             ... on level 4 of the Dungeon.
             The game lasted 00:28:35 (3743 turns).

mrath the Magician (High Elf Wizard)                Turns: 3743, Time: 00:28:35

Health: -2/27      AC:  7    Str:  6    XL:     4   Next: 33%
Magic:  6/12       EV: 12    Int: 23    God:    Sif Muna [......]
Gold:   187        SH:  0    Dex: 11    Spells: 4 memorised, 5 levels left

rFire  . . .     SeeInvis .     i - +0 short sword
rCold  . . .     Gourm    .     a - +0 robe
rNeg   . . .     Faith    .     (no shield)
rPois  .         Spirit   .     b - +0 hat
rElec  .         Dismiss  .     (no cloak)
rCorr  .         Reflect  .     z - +2 pair of gloves
SustAt .         Harm     .     s - +1 pair of boots
MR     .....                    (no amulet)
Stlth  ++........               (no ring)
                                (no ring)

@: lethally poisoned (-2 -> -7), very slightly contaminated, not resistant to
hostile enchantments, unstealthy
A: blurry vision 1, clumsy 1, subdued magic 1
a: Renounce Religion


You were on level 4 of the Dungeon.
You worshipped Sif Muna.
Sif Muna was noncommittal.
You were not hungry.

You visited 1 branch of the dungeon, and saw 4 of its levels.

You collected 187 gold pieces.

Inventory:

Hand Weapons
 i - a +0 short sword (weapon)
 w - a +0 hunting sling
 A - a +0 blowgun
Missiles
 l - 44 stones
 u - 11 tomahawks (quivered)
 v - 26 poisoned needles
Armour
 a - a +0 robe (worn)
 b - a +0 hat (worn)
 s - a +1 pair of boots (worn)
 z - a +2 pair of gloves (worn)
Wands
 q - a wand of lightning (6/15)
Scrolls
 e - 3 scrolls of identify
 g - 3 scrolls of teleportation {unknown}
 h - 3 scrolls of immolation {unknown}
 j - 2 scrolls of amnesia {unknown}
 k - 2 scrolls of fear {unknown}
 m - 2 scrolls of magic mapping {unknown}
 o - a scroll of recharging {unknown}
 t - a scroll of enchant armour {unknown}
 y - a scroll of random uselessness {unknown}
Potions
 n - 3 potions of brilliance
 p - 2 potions of agility
 B - 2 potions of lignification
Books
 c - a book of Minor Magic

   Spells                             Type                      Level
   a - Magic Dart                     Conjuration                  1
   b - Blink                          Translocation                2
   c - Call Imp                       Summoning                    2
   d - Repel Missiles                 Charms/Air                   2
   e - Slow                           Hexes                        2
   f - Conjure Flame                  Conjuration/Fire             3
   g - Mephitic Cloud                 Conjuration/Poison/Air       3
Comestibles
 d - 2 bread rations
 f - 2 meat rations
 r - a royal jelly


   Skills:
 - Level 2.1 Dodging
 - Level 2.1 Stealth
 + Level 5.0 Spellcasting
 + Level 2.9 Conjurations
 - Level 0.8 Summonings
 - Level 1.1 Translocations
 + Level 0.7 Invocations


You had 5 spell levels left.
You knew the following spells:

 Your Spells              Type           Power        Failure   Level  Hunger
a - Magic Dart            Conj           ###.         1%          1    None
b - Blink                 Tloc           N/A          10%         2    None
c - Call Imp              Summ           #.......     10%         2    None
d - Mephitic Cloud        Conj/Pois/Air  #.......     17%         3    ##.....


Dungeon Overview and Level Annotations

Branches:
Dungeon (4/15)
 Temple: D:4-7

Altars:
Dithmenos
Okawaru
Qazlal
Sif Muna
Yredelemnul
The Shining One


Innate Abilities, Weirdness & Mutations

Scrolls take you a little longer to read.
You are clumsy. (Dex -2)
Your spells are a little easier to cast, but a little less powerful.


Message History

* * * LOW HITPOINT WARNING * * *
You are lethally poisoned!
The worker ant poisons you!
It was a potion of mutation.
You feel extremely strange.
Your connection to magic feels subdued.
You feel clumsy.
Your vision blurs.
* * * LOW HITPOINT WARNING * * *
You feel sick.
The worker ant bites you but does no damage.
You barely miss the worker ant.
The worker ant is severely wounded.
* * * LOW HITPOINT WARNING * * *
You feel sick.
The giant gecko skeleton completely misses you.
The worker ant bites you but does no damage.
The giant gecko skeleton completely misses you.
Your crimson imp blinks!
You closely miss the worker ant.
The worker ant is severely wounded.
The worker ant bites you.
You die...

#.......#
#.......<.....#
##......#
#.......#...#.#
#.#.##.###.......##.##.#
#.#......#.......#### .#
#.####.#.#.......# ..
#.####.#.#.......# .#
#....###'###[....# .#
###.##≈≈.≈≈##.#.##
#.##≈≈.≈≈##@#.#
####..+.._§.'Za#.#
#.....#≈≈.≈≈#.##.#
#.##.##≈≈.≈≈#....####
#.##..###+###........
#.####..#.##..#######
###.####........###
..........#####...#
.#####.#### #...#


You could see a worker ant and a giant gecko skeleton.

Vanquished Creatures
  An adder (D:4)
  3 dart slugs
  2 giant geckos
  5 orcs (D:3)
  2 goblins
  8 hobgoblins
  3 jackals (D:1)
  5 kobolds
  10 bats
  3 giant newts
  7 rats
49 creatures vanquished.

Vanquished Creatures (collateral kills)
  2 adders
  A worm (D:2)
  A bat (D:2)
  A giant newt (D:2)
5 creatures vanquished.

Grand Total: 54 creatures vanquished

Notes
Turn   | Place    | Note
-------+----------+-------------------------------------------
     0 | D:1      | mrath the High Elf Wizard began the quest for the Orb.
     0 | D:1      | Reached XP level 1. HP: 11/11 MP: 6/6
   753 | D:1      | Reached skill level 4 in Spellcasting
   851 | D:1      | Reached XP level 2. HP: 16/17 MP: 5/8
   875 | D:1      | Learned a level 2 spell: Blink
   878 | D:1      | Learned a level 2 spell: Call Imp
  1262 | D:2      | Found a faded altar of an unknown god.
  1467 | D:2      | Reached XP level 3. HP: 21/21 MP: 4/9
  2636 | D:2      | Learned a level 3 spell: Mephitic Cloud
  2800 | D:3      | Found a basalt altar of Yredelemnul.
  2802 | D:3      | Found a stormy altar of Qazlal.
  2804 | D:3      | Found a shadowy altar of Dithmenos.
  2804 | D:3      | Found a deep blue altar of Sif Muna.
  2813 | D:3      | Became a worshipper of Sif Muna the Loreminder
  3039 | D:3      | Reached XP level 4. HP: 27/27 MP: 11/11
  3429 | D:3      | Found a glowing golden altar of the Shining One.
  3654 | D:4      | Found an iron altar of Okawaru.
  3657 | D:4      | Reached skill level 5 in Spellcasting
  3741 | D:4      | Gained mutation: Your spells are a little easier to cast, but a little less powerful. [potion of mutation]
  3741 | D:4      | Gained mutation: You are clumsy. (Dex -2) [potion of mutation]
  3741 | D:4      | Gained mutation: Scrolls take you a little longer to read. [potion of mutation]
  3743 | D:4      | Slain by a worker ant

Vault maps used:
D:1:      scummos_arrival_simple_crosswalls, minmay_misc_feat_pillars
D:2:      ecumenical_altar_1
D:3:      grunt_temple_overflow_open, lemuel_doored_altar
D:4:      kennysheep_little_box

Skill      XL: |  1  2  3  4 |
---------------+-------------+-----
Spellcasting   | 4 5 |  5.0
Conjurations   | 2 |  2.9
Dodging        | |  2.1
Stealth        | |  2.1
Summonings     | |  0.8
Translocations | |  1.1
Invocations    | |  0.7

Action                   |  1- 3 |  4- 6 || total
-------------------------+-------+-------++-------
Melee: Short sword       |    27 |     9 ||    36
 Fire: Blowgun           |     8 |    15 ||    23
 Cast: Magic Dart        |    84 |    19 ||   103
       Call Imp          |     4 |     2 ||     6
  Use: Scroll            |     3 |     1 ||     4
       Potion            |       |     1 ||     1
  Eat: Chunk             |     6 |     1 ||     7
       Beef jerky        |       |     1 ||     1
Armor: Robe              |    18 |     7 ||    25
Dodge: Dodged            |    42 |    22 ||    64
